 Dungeon Crawl Stone Soup version 0.31-a0-859-g9dce7d3444 (webtiles) character file.

Game seed: 2111691150763513070

21 Kurtz the Sneak (level 2, 0/28 HPs)
             Began as a Naga Delver on Oct 9, 2023.
             Slain by an adder (2 damage)
             ... on level 3 of the Dungeon.
             The game lasted 00:01:28 (449 turns).

Kurtz the Sneak (Naga Delver)                        Turns: 449, Time: 00:01:29

Health: 0/28       AC:  3    Str: 14    XL:     2   Next: 87%
Magic:  2/2        EV:  9    Int: 10    God:
Gold:   9          SH:  0    Dex: 12    Spells: 1/1 levels left

rFire   . . .        a - +0 hand axe
rCold   . . .        (no shield)
rNeg    . . .        b - +0 leather armour
rPois   +            (no helmet)
rElec   .            h - +0 cloak
rCorr   .            (no gloves)
SInv    +            (no barding)
Will    .....        (no amulet)
Stlth   +++          (no ring)
HPRegen 0.24/turn    (no ring)
MPRegen 0.08/turn

%: no passive effects
@: very slow
A: AC +0, large, see invisible, deformed body, poison resistance, slowness 2,
spit poison 1, naga tail 1
a: Spit Poison


You were on level 3 of the Dungeon.
You visited 1 branch of the dungeon, and saw 3 of its levels.

You collected 9 gold pieces.

Inventory:

Hand Weapons
 a - a +0 hand axe (weapon)
Armour
 b - a +0 leather armour (worn)
 h - a +0 cloak (worn)
Wands
 g - a wand of digging (3)
Scrolls
 c - a scroll of fog
 e - a scroll of fear
 k - a scroll of vulnerability {unknown}
 l - a scroll of blinking {unknown}
Potions
 f - a potion of haste
 i - 2 potions of heal wounds {unknown}
 j - a potion of mutation {unknown}


   Skills:
 - Level 3.0 Fighting
 * Level 3.3 Axes
 - Level 1.5 Dodging
 - Level 7.2 Stealth


You had one spell level left.
You didn't know any spells.
Your spell library contained the following spells:

 Spells                   Type           Power      Damage    Failure   Level
 Wereblood                Tmut           0%         N/A       58%         2
 Irradiate                Conj/Tmut      0%         3d11      100%        5


Dungeon Overview and Level Annotations

Branches:
Dungeon (5/15)             Temple (0/1) D:4

Altars:
Xom
The Shining One

Portals:
Sewer: D:3

Annotations:
D:3 exclusion: downstairs
D:4 exclusions: endoplasm, hound and jelly


Innate Abilities, Weirdness & Mutations

Your serpentine skin is tough. (AC +0)
You have supernaturally acute eyesight. (SInv)
Armour fits poorly on your strangely shaped body.
Your system is resistant to poisons. (rPois)
You cover ground very slowly.
You can spit poison.
You have a snake-like lower body.


Message History

The adder attacks as it pursues you! The adder bites you.
The giant cockroach waves its antennae.
The adder bites you. The adder attacks as it pursues you!
The adder barely misses you. The adder bites you.
You are poisoned.
The adder poisons you!
An orc wizard comes into view. It is wielding a +0 dagger.
You feel sick. The adder attacks as it pursues you!
The adder closely misses you. The adder bites you.
* * * LOW HITPOINT WARNING * * *
The orc wizard moves out of view.
You feel sick. The adder closely misses you.
You hit the adder but do no damage. You hit the dart slug.
You feel sick. The adder barely misses you. The dart slug barely misses you.
The giant cockroach waves its antennae.
You barely miss the adder. You hit the dart slug.
You feel sick. The adder barely misses you. The dart slug barely misses you.
You are too injured to fight recklessly!
Unknown command.
You closely miss the adder. You hit the dart slug.
You kill the dart slug!
You feel sick.
You are no longer poisoned.
The adder misses you. The adder bites you.
* * * LOW HITPOINT WARNING * * *
You closely miss the adder. You hit the giant cockroach.
The giant cockroach bites you but does no damage.
The adder misses you. The giant cockroach barely misses you.
You are too injured to fight recklessly!
Unknown command.
You hit the adder.
The adder is lightly wounded.
You hit the giant cockroach.
You kill the giant cockroach!
The adder bites you.
* * * LOW HITPOINT WARNING * * *
An orc comes into view. It is wielding a +0 short sword.
The adder bites you.
You die...

,,**,,,,,* #........#~~~~~#...,,*
*,,*,,,,,* #........#######...,,*
**,,,,,,,* #..................,,,
****,,**** #.........#.#..###*,**
,,,,,,,* #.......S.#...## *,**
,,,,,,,****########.##.#######.#*
,,,,,,,,,o.#####..............$#*
,,,,,,,,,......SS#..#..#########*
****,,,,,.....#.@#....###### *
*,,,,,.....#..#.#.####### *
*,,,,,..,..#..#.#.####### *
*,,,,,,,,..#..#<#.#######
*,,,,,,,,..#......#######
*,,,,,,,,..##...>########
*,,,,,,,,..##############
*,,,,,,,,..##############
*********################


You could see 2 adders and an orc (wandering).

Vanquished Creatures
  An adder (D:4)
  A worm (D:4)
  A dart slug (D:3)
  2 endoplasms
  A giant cockroach (D:3)
  2 goblins (D:4)
  A ball python (D:4)
9 creatures vanquished.

Notes
Turn   | Place    | Note
-------+----------+-------------------------------------------
     0 | D:5      | Kurtz the Naga Delver began the quest for the Orb.
     0 | D:5      | Reached XP level 1. HP: 21/21 MP: 1/1
    91 | D:4      | Noticed a jelly
    98 | D:4      | Found a staircase to the Ecumenical Temple.
   102 | D:4      | Noticed a hound
   116 | D:4      | Found a glowing golden altar of the Shining One.
   131 | D:4      | Reached XP level 2. HP: 22/28 MP: 2/2
   290 | D:4      | Found a shimmering altar of Xom.
   375 | D:4      | Noticed a wyvern
   428 | D:3      | Found a glowing drain.
   449 | D:3      | Slain by an adder

Illustrated notes

Levels and vault maps discovered:
D:3:      layout_basic, gup_sewer_entry_glass, serial_glass, glass_columns_a,
          glass_columns_a, st_stairs_2, chequers_serial_rivers_small_3,
          uniq_natasha, uniq_grinder, uniq_ijyb
D:4:      layout_gridville, mainiacjoe_overflow_concentric_impassable,
          mainiacjoe_overflow_cross_hatched, general_overflow_altar,
          temple_pool_b, dilly_guarded_unrand_throatcut
D:5:      layout_basic, serial_shops, shop, ebering_ghost_inner_flame,
          lemuel_flamethrower_2

Skill      XL: |  1  2 |
---------------+-------+-----
Axes           | 3 |  3.3
Fighting       | |  3.0
Dodging        | |  1.5
Stealth        | |  7.2

Action                     || total
---------------------------++-------
  Melee: Hand axe          ||    25
Ability: Spit Poison       ||     3
    Use: Scroll            ||     1
   Stab: Sleeping          ||     2
 Armour: Leather armour    ||    21
  Dodge: Dodged            ||    18

Table legend: (Time is in decaauts)
 A = Elapsed time spent in this place.
 B = Non-inter-level travel time spent in this place.
 C = Inter-level travel time spent in this place.
 D = Time resting spent in this place.
 E = Time spent auto-exploring this place.
 F = Levels seen in this place.
 G = Mean time per level.
                   A        B        C        D        E       F      G
               +--------+--------+--------+--------+--------+-----+--------+
         Total |    593 |    588 |      5 |     44 |    262 |   3 |  197.7 |
       Dungeon |    593 |    588 |      5 |     44 |    262 |   3 |  197.7 |
               +--------+--------+--------+--------+--------+-----+--------+

Top non-repeatable levels by time:
     D:4: 409 daAuts
     D:5: 102 daAuts
     D:3: 81 daAuts
